 Dungeon Crawl Stone Soup version 0.28-a0-1038-g9c4cb8273d (webtiles) character file.

Game seed: 4730999846537956211

133 ytrimaz the Insei (level 5, -2/34 HPs)
             Began as an Octopode Transmuter on Dec 8, 2021.
             Was an Initiate of Ashenzari.
             Shot with an arrow by a centaur (12 damage)
             ... on level 3 of the Dungeon.
             The game lasted 00:04:11 (3331 turns).

ytrimaz the Insei (Octopode Transmuter)             Turns: 3331, Time: 00:04:12

Health: -2/34      AC:  1    Str: 15    XL:     5   Next: 16%
Magic:  9/9        EV: 13    Int: 17    God:    Ashenzari [......]
Gold:   153        SH:  5    Dex: 13    Spells: 3/9 levels left

rFire   . . .      SeeInvis .     - Unarmed
rCold   . . .      Faith    .   (no shield)
rNeg    + . .      Spirit   .   (helmet restricted)
rPois   .          Reflect  +   f - amulet of reflection
rElec   .          Harm     .   e - ring of willpower
rCorr   .          Rampage  .   d - ring of positive energy
Will    +....                   i - +6 ring of strength
Stlth   ++........              (no ring)
HPRegen 0.11/turn               (no ring)
MPRegen 0.11/turn               (no ring)
                                (no ring)
                                (no ring)

@: no status effects
A: almost no armour, amphibious, 8 rings, camouflage 1, gelatinous body 1,
(nimble swimmer 1), tentacles
a: Renounce Religion


You were on level 3 of the Dungeon.
You worshipped Ashenzari.
Ashenzari was noncommittal.
You visited 1 branch of the dungeon, and saw 3 of its levels.

You collected 153 gold pieces.

Inventory:

Jewellery
 d - a ring of positive energy (right tentacle)
 e - a ring of willpower (left tentacle)
 f - an amulet of reflection (around mantle)
 i - a +6 ring of strength (on tentacle)
Scrolls
 c - a scroll of enchant armour
Potions
 a - a potion of ambrosia {unknown}
 b - a potion of curing {unknown}
 g - a potion of might
 h - 2 potions of lignification
 j - a potion of berserk rage
 k - a potion of brilliance {unknown}


   Skills:
 * Level 2.3 Fighting
 - Level 2.0 Dodging
 + Level 4.0 Unarmed Combat
 * Level 2.8 Spellcasting
 + Level 2.6 Transmutations
 * Level 1.4 Poison Magic


You had 3 spell levels left.
You knew the following spells:

 Your Spells              Type           Power      Damage    Failure   Level
a - Beastly Appendage     Tmut           22%        N/A       6%          1
b - Spider Form           Tmut/Pois      9%         N/A       24%         3
c - Wereblood             Tmut           11%        N/A       10%         2

Your spell library contained the following spells:

 Spells                   Type           Power      Damage    Failure   Level
 Animate Skeleton         Necr           4%         N/A       19%         1
 Apportation              Tloc           4%         N/A       19%         1
 Summon Small Mammal      Summ           8%         N/A       19%         1
 Ice Form                 Ice/Tmut       6%         N/A       71%         4


Dungeon Overview and Level Annotations

Branches:
Dungeon (3/15)

Altars:
Ashenzari
Cheibriados
Dithmenos
Gozag
Hepliaklqana
Kikubaaqudgha
Makhleb
Nemelex Xobeh
Ru
Sif Muna
Uskayaw
The Shining One

Shops:
D:1 [   D:2 [


Innate Abilities, Weirdness & Mutations

You cannot wear most types of armour.
You are amphibious.
You can wear up to eight rings at the same time.
Your skin changes colour to match your surroundings (Stealth+).
Your rubbery body absorbs attacks. (AC +1, EV +1)
((You are camouflaged near water. (Stealth+)))
You have tentacles for arms and can constrict up to eight enemies at once.


Message History

No target in view!
No target in view!
No target in view!
No target in view!
No target in view!
No target in view!
No target in view!
The ball python hisses angrily.
You block the ball python's attack. x2
The ball python bites you. The ball python grabs you.
The ball python constricts you.
You barely miss the ball python. You grab the ball python.
You squeeze the ball python.
You kill the ball python!
No target in view!
No target in view!
Found a stone staircase leading down.
There is a stone staircase leading down here.
Found a stone staircase leading down.
Found 23 bolts.
A goblin comes into view. It is wielding a +0 dagger.
The goblin shouts!
A goblin is nearby!
Okay, then.
A goblin is nearby!
A goblin is nearby!
A centaur comes into view.
The centaur shouts!
You tentacle-slap the goblin. Your grab misses the goblin.
You tentacle-slap the goblin.
You kill the goblin!
The centaur wields a +0 shortbow.
The centaur shoots an arrow.
The arrow hits you!
The centaur shoots an arrow.
The arrow hits you.
The centaur shoots an arrow.
The arrow hits you!
Things that are here:
a +0 dagger; a goblin corpse The centaur shoots an arrow.
The arrow hits you.
* * * LOW HITPOINT WARNING * * *
The centaur shoots an arrow.
The arrow hits you!
You die...

#.######.# .......#)#
### .........# #..
..####...# #.#
..#......# #.#
.##.##..## #.# #
....##..# #.# .####
........####.#####..c...
#######........)@..#
#######..###..####.# ###
...........#..... # ..#
##########.#....... #.#
# #...†....###########
#.#
###.#####..#####.....#
#.#
.......##..##....†...#
#.#
.......##.....†......#
#.#
.......##...#........#
######.###


You could see a centaur.

Vanquished Creatures
  Robin (D:3)
  4 gnolls
  An adder (D:2)
  A dart slug (D:1)
  3 orcs (D:3)
  3 ball pythons
  5 bats
  2 endoplasms
  4 giant cockroaches
  13 goblins
  12 hobgoblins
  A jackal (D:1)
  4 kobolds
  A quokka (D:3)
  3 frilled lizards
  8 rats
66 creatures vanquished.

Notes
Turn   | Place    | Note
-------+----------+-------------------------------------------
     0 | D:1      | ytrimaz the Octopode Transmuter began the quest for the
                  | Orb.
     0 | D:1      | Reached XP level 1. HP: 13/13 MP: 3/3
    14 | D:1      | Found Ifryling's Armour Shoppe.
    33 | D:1      | Reached XP level 2. HP: 12/18 MP: 5/5
  1086 | D:2      | Found a shadowy altar of Dithmenos.
  1091 | D:2      | Found Awnahie's Armour Boutique.
  1253 | D:2      | Reached XP level 3. HP: 23/23 MP: 6/6
  1262 | D:1      | Learned a level 3 spell: Spider Form
  2111 | D:1      | Reached XP level 4. HP: 17/29 MP: 3/7
  2299 | D:2      | Reached skill level 1 in Poison Magic
  2612 | D:3      | Noticed Robin
  2621 | D:3      | Learned a level 2 spell: Wereblood
  2632 | D:3      | Killed Robin
  2644 | D:3      | Reached skill level 4 in Unarmed Combat
  2650 | D:3      | Reached XP level 5. HP: 32/34 MP: 9/9
  2980 | D:3      | Found a hazy altar of Hepliaklqana.
  2980 | D:3      | Found an opulent altar of Gozag.
  2981 | D:3      | Found a shimmering blue altar of Sif Muna.
  2999 | D:3      | Found a broken altar of Ashenzari.
  2999 | D:3      | Found a glowing golden altar of the Shining One.
  3000 | D:3      | Found a sacrificial altar of Ru.
  3000 | D:3      | Found a snail-covered altar of Cheibriados.
  3000 | D:3      | Found a burning altar of Makhleb.
  3001 | D:3      | Found an ancient bone altar of Kikubaaqudgha.
  3001 | D:3      | Found a shadowy altar of Dithmenos.
  3003 | D:3      | Found a sparkling altar of Nemelex Xobeh.
  3007 | D:3      | Became a worshipper of Ashenzari the Shackled
  3036 | D:3      | Found a hide-covered altar of Uskayaw.
  3328 | D:3      | Noticed a centaur
  3331 | D:3      | Shot with an arrow by a centaur

Illustrated notes

Levels and vault maps discovered:
D:1:      dpeg_arrival_orchard, layout_basic, serial_shops, shop,
          minmay_tree_intersection, chequers_big_river,
          minmay_misc_feat_secret_circle, minivault_5, minmay_heptomino_w4
D:2:      layout_basic, serial_shops, shop, basic_altar, kennysheep_crisscross
D:3:      layout_loops_cross, nicolae_uskayaw_dance_hall,
          nicolae_overflows_in_rows, uniq_robin

Skill      XL: |  1  2  3  4 |
---------------+-------------+-----
Fighting       | 2 |  2.3
Poison Magic   | 1 |  1.4
Unarmed Combat | 4 |  4.0
Dodging        | |  2.0
Spellcasting   | |  2.8
Transmutations | |  2.6

Action                   |  1- 3 |  4- 6 || total
-------------------------+-------+-------++-------
Melee: Mace              |    35 |       ||    35
       Unarmed           |    29 |    59 ||    88
       Tentacles         |    13 |    11 ||    24
       Constrict         |    16 |    14 ||    30
       Punch             |     1 |     1 ||     2
 Cast: Spider Form       |     3 |     2 ||     5
       Wereblood         |       |     2 ||     2
  Use: Scroll            |     2 |     5 ||     7
 Stab: Sleeping          |    10 |     3 ||    13
Armor: Skin              |     1 |     1 ||     2
Dodge: Dodged            |    39 |    39 ||    78
Block: Other             |     7 |    18 ||    25

Table legend: (Time is in decaauts)
 A = Elapsed time spent in this place.
 B = Non-inter-level travel time spent in this place.
 C = Inter-level travel time spent in this place.
 D = Time resting spent in this place.
 E = Time spent auto-exploring this place.
 F = Levels seen in this place.
 G = Mean time per level.
                   A        B        C        D        E       F      G
               +--------+--------+--------+--------+--------+-----+--------+
         Total |   3338 |   3241 |     97 |    253 |   2436 |   3 | 1112.7 |
       Dungeon |   3338 |   3241 |     97 |    253 |   2436 |   3 | 1112.7 |
               +--------+--------+--------+--------+--------+-----+--------+

Top non-repeatable levels by time:
     D:2: 1362 daAuts
     D:1: 1198 daAuts
     D:3: 777 daAuts
